 Dungeon Crawl Stone Soup version 0.25-a0-665-ga69d64035b (webtiles) character file.

Game seed: 15827034587872011171, levelgen mode: deterministic

570 Floretta the Slasher (level 7, -10/61 HPs)
             Began as a Minotaur Berserker on Mar 26, 2020.
             Was a Priest of Trog.
             Mangled by an ogre
             ... wielding a +0 giant club
              (13 damage)
             ... on level 4 of the Dungeon.
             The game lasted 00:12:52 (3072 turns).

Floretta the Slasher (Minotaur Berserker)           Turns: 3072, Time: 00:12:53

Health: -10/61     AC:  9    Str: 22    XL:     7   Next: 11%
Magic:  6/6        EV:  9    Int:  4    God:    Trog [***...]
Gold:   124        SH:  0    Dex: 11    Spells: 6/6 levels left

rFire    . . .     SeeInvis .   a - +0 falchion
rCold    . . .     Gourm    .   (no shield)
rNeg     . . .     Faith    .   j - +0 chain mail
rPois    .         Spirit   .   (helmet restricted)
rElec    .         Reflect  .   (no cloak)
rCorr    .         Harm     .   (no gloves)
MR       .....                  (no boots)
Stlth    ..........             (no amulet)
HPRegen  0.20/turn              (no ring)
MPRegen  0.10/turn              (no ring)

@: berserk cooldown, slowed, very slow
A: retaliatory headbutt, horns 2
a: Berserk, Trog's Hand, Renounce Religion


You were on level 4 of the Dungeon.
You worshipped Trog.
Trog was most pleased with you.
You were not hungry.

You visited 1 branch of the dungeon, and saw 4 of its levels.

You collected 124 gold pieces.

Inventory:

Hand Weapons
 a - a +0 falchion (weapon)
 r - a +0 long sword
Armour
 b - a +0 animal skin
 j - a +0 chain mail (worn)
Jewellery
 l - a cursed -5 ring of evasion {unknown}
Wands
 n - a wand of enslavement (11)
Scrolls
 d - 2 scrolls of amnesia {unknown}
 g - a scroll of magic mapping {unknown}
 h - a scroll of random uselessness {unknown}
 k - a scroll of remove curse {unknown}
 m - 2 scrolls of teleportation {unknown}
 o - 5 scrolls of identify {unknown}
 p - a scroll of blinking {unknown}
 t - a scroll of enchant armour {unknown}
 w - a scroll of noise {unknown}
Potions
 e - 3 potions of flight
 f - a potion of stabbing {unknown}
 i - 3 potions of curing {unknown}
 q - a potion of berserk rage {unknown}
 u - a potion of might {unknown}
 v - a potion of ambrosia
Comestibles
 c - 10 rations
 s - 13 chunks of flesh


   Skills:
 + Level 5.4 Fighting
 * Level 6.9 Long Blades
 + Level 4.6 Armour
 + Level 4.2 Dodging


You had 6 spell levels left.
You didn't know any spells.
Your spell library was empty.

Dungeon Overview and Level Annotations

Branches:
Dungeon (4/15)
 Temple: D:4-7

Altars:
Kikubaaqudgha


Innate Abilities, Weirdness & Mutations

You reflexively headbutt those who attack you in melee.
You have a pair of horns on your head.


Message History

This raw flesh tastes terrible.
An ogre comes into view. It is wielding a +0 giant club.
An ogre is nearby!
An orc comes into view. It is wielding a +0 club.
The orc hits you but does no damage.
You closely miss the orc. The orc closely misses you.
You barely miss the orc. The orc barely misses you. You furiously retaliate!
You headbutt the orc!
You kill the orc!
Trog accepts your kill.
You hit the ogre. You headbutt the ogre.
The ogre is moderately wounded.
The ogre hits you with a +0 giant club!!
* * * LOW HITPOINT WARNING * * *
You closely miss the ogre.
The ogre is moderately wounded.
The ogre hits you with a +0 giant club!
* * * LOW HITPOINT WARNING * * *
The ogre hits you with a +0 giant club!
You die...

#[####...## #.# #...#
##.#####.## #.# #...#
#........# #.# #...#
##.####### #.# #...#
#.# #.# #....
#.#############.# #....
#...............# #####
#.########.###)########
#<# #.. #@.......# #.#
#..###O######.# #..
####......# ###.
.....O#.###
..#####....## .#
##....O######. .#
#.........)... #
#..........##.
#..........#


You could see an ogre.

Vanquished Creatures
  2 ogres (D:4)
  A howler monkey (D:4)
  An orc priest (D:4)
  2 orc wizards (D:4)
  Terence (D:3)
  10 gnolls
  6 adders
  An adder skeleton (D:4)
  2 worms
  4 dart slugs
  2 leopard geckos
  6 orcs
  6 bats
  A bat zombie (D:2)
  6 giant cockroaches
  8 goblins
  5 hobgoblins
  5 jackals
  9 kobolds
  A ball python (D:3)
  A frilled lizard (D:2)
  21 rats
  3 rat zombies (D:2)
104 creatures vanquished.

Notes
Turn   | Place    | Note
-------+----------+-------------------------------------------
     0 | D:1      | Floretta the Minotaur Berserker began the quest for the
                  | Orb.
     0 | D:1      | Reached XP level 1. HP: 19/19 MP: 0/0
    39 | D:1      | Reached XP level 2. HP: 6/27 MP: 1/1
    51 | D:1      | Reached skill level 4 in Long Blades
   397 | D:1      | Reached ** piety under Trog
   485 | D:1      | Reached XP level 3. HP: 33/33 MP: 2/2
  1136 | D:2      | Reached XP level 4. HP: 28/40 MP: 3/3
  1405 | D:2      | Found an ancient bone altar of Kikubaaqudgha.
  1743 | D:3      | Noticed Terence
  1754 | D:3      | Reached skill level 5 in Long Blades
  1758 | D:3      | Killed Terence
  1795 | D:3      | Reached XP level 5. HP: 44/47 MP: 4/4
  1827 | D:3      | Reached *** piety under Trog
  2840 | D:4      | Reached XP level 6. HP: 55/55 MP: 5/5
  2874 | D:4      | Reached skill level 5 in Fighting
  2874 | D:4      | Reached skill level 6 in Long Blades
  3056 | D:4      | Reached XP level 7. HP: 50/61 MP: 6/6
  3072 | D:4      | HP: 3/61 [ogre/+0 giant club (13)]
  3072 | D:4      | Mangled by an ogre

Levels and vault maps discovered:
D:1:      erik_arrival_orb_chamber, layout_basic
D:2:      layout_loops_cross, lemuel_zombie_altar_kikubaaqudgha
D:3:      layout_basic, uniq_terence
D:4:      layout_loops_ring, makhleb_heckhound_becter, first_ration

Skill      XL: |  1  2  3  4  5  6 |
---------------+-------------------+-----
Long Blades    | 4 5 6 |  6.9
Fighting       | 4 5 |  5.4
Armour         | 3 4 |  4.6
Dodging        | 3 4 |  4.2

Action                   |  1- 3 |  4- 6 |  7- 9 || total
-------------------------+-------+-------+-------++-------
Melee: Falchion          |    72 |   156 |     4 ||   232
       Headbutt          |     7 |    35 |     1 ||    43
Invok: Berserk           |     2 |     5 |       ||     7
  Use: Potion            |       |     2 |       ||     2
  Eat: Chunk             |     2 |    10 |     2 ||    14
Armor: Animal skin       |     7 |       |       ||     7
       Chain mail        |     6 |    57 |     1 ||    64
Dodge: Dodged            |    35 |    68 |     2 ||   105
       Rpst.: Falchion   |     6 |    13 |       ||    19

Table legend:
 A = Non-vault XP
 B = Vault XP
 C = Vault XP percentage of total XP
 D = Non-vault monster count
 E = Vault monster count
 F = Vault count percentage of total count
                 A         B        C        D         E       F
            +---------+---------+-------+---------+---------+-------
      Total |     762 |      53 |   6.5 |      87 |      17 |  16.3
            +---------+---------+-------+---------+---------+-------
        D:1 |      32 |      12 |  27.3 |      18 |      12 |  40.0
        D:2 |      93 |       5 |   5.1 |      23 |       4 |  14.8
        D:3 |     130 |      36 |  21.7 |      27 |       1 |   3.6
        D:4 |     507 |       0 |   0.0 |      19 |       0 |   0.0
            +---------+---------+-------+---------+---------+-------
